 Dungeon Crawl Stone Soup version 0.13.0-9-gbc74161 (webtiles) character file.

563 Malachi the Ruinous (level 6, -6/39 HPs)
             Began as a Mummy Wizard on Oct 17, 2013.
             Mangled by 4tharraofdagon's ghost (10 damage)
             ... on Level 4 of the Dungeon.
             The game lasted 00:08:52 (5592 turns).

Malachi the Ruinous (Mummy Wizard)                  Turns: 5592, Time: 00:08:52

HP  -6/39        AC  4     Str 10      XL: 6   Next:  0%
MP  11/14        EV 12     Int 19      God:
Gold 297         SH  0     Dex 10      Spells:  5 memorised,  1 level left

Res.Fire  : x . .   See Invis. : .   j - +1,+2 orc dagger (venom)
Res.Cold  : + . .   Warding    : .   m - +1 robe (curse)
Life Prot.: + + +   Conserve   : .   (no shield)
Res.Poison: +       Res.Corr.  : .   b - +1 wizard hat
Res.Elec. : .       Clarity    : .   (no cloak)
Sust.Abil.: . .     Spirit.Shd : .   (no gloves)
Res.Mut.  : .       Stasis     : .   (no boots)
Res.Rott. : +       Flight     : .   (no amulet)
Saprovore : . . .                    (no ring)
                                     (no ring)

@: somewhat resistant to hostile enchantments, unstealthy
A: no food or potions, fire vulnerability, restore body, cold resistance 1, life
protection 3, poison resistance, torment resistance, unbreathing
a: no special abilities


You were on level 4 of the Dungeon.
You were not hungry.

You visited 1 branch of the dungeon, and saw 4 of its levels.

You collected 277 gold pieces.

Inventory:

Hand weapons
 j - a +1,+2 orcish dagger of venom (weapon)
Missiles
 r - 5 poisoned javelins (quivered)
Armour
 b - a +1 wizard hat (worn)
 m - a cursed +1 robe (worn)
Scrolls
 a - a scroll of random uselessness {unknown}
 o - 2 scrolls of remove curse
Jewellery
 l - an uncursed amulet of warding
 t - an uncursed amulet of conservation
Books
 c - a book of Minor Magic

   Spells                             Type                      Level
   *Magic Dart                        Conjuration                  1
   *Blink                             Translocation                2
   *Call Imp                          Summoning                    2
   *Repel Missiles                    Charms/Air                   2
   Slow                               Hexes                        2
   Conjure Flame                      Conjuration/Fire             3
   *Mephitic Cloud                    Conjuration/Poison/Air       3


   Skills:
 - Level 0.4 Fighting
 + Level 0.7 Short Blades
 - Level 1.5 Dodging
 - Level 1.5 Stealth
 - Level 0.1 Unarmed Combat
 - Level 3.0 Spellcasting
 * Level 4.8 Conjurations
 + Level 0.7 Summonings
 + Level 0.7 Translocations


You had one spell level left.
You knew the following spells:

 Your Spells              Type           Power        Failure   Level  Hunger
a - Magic Dart            Conj           ###.         1%          1    N/A
b - Blink                 Tloc           N/A          21%         2    N/A
c - Call Imp              Summ           #.........   21%         2    N/A
d - Mephitic Cloud        Conj/Pois/Air  #.......     28%         3    N/A
e - Repel Missiles        Chrm/Air       #.........   24%         2    N/A

Dungeon Overview and Level Annotations

Branches:
Dungeon (4/27)
 Temple: D:4-7

Altars:
Elyvilon
Makhleb
Okawaru
Trog

Annotations:
D:3 exclusion: ice beast
D:4 4tharraofdagon's ghost, weakling GrBe


Innate Abilities, Weirdness & Mutations

You do not eat or drink.
Your flesh is vulnerable to fire.
Your flesh is cold resistant.
You are immune to negative energy.
Your system is resistant to poisons.
You are immune to unholy pain and torment.
You can survive without breathing.


Message History

Increase (S)trength, (I)ntelligence, or (D)exterity?
You feel clever. 4tharraofdagon's ghost hits you.
* * * LOW HITPOINT WARNING * * *
You are too injured to fight recklessly!
You are too injured to fight recklessly!
You hit the orc wizard.
The orc wizard is poisoned.
The orc wizard is moderately wounded. 4tharraofdagon's ghost hits you.
* * * LOW HITPOINT WARNING * * *
The orc wizard barely misses you.
You hit the orc wizard.
The orc wizard looks even sicker.
The orc wizard is severely wounded.
The orc wizard hits you but does no damage. 4tharraofdagon's ghost hits you.
* * * LOW HITPOINT WARNING * * *
You hit the orc wizard.
The orc wizard looks even sicker.
The orc wizard is almost dead. 4tharraofdagon's ghost hits you!
You die...

### ####.######
.........#
#####..###.########
...................
###...#.##.############
#.#...##.# #......#
#.#.####.#####@p)...#
#.#.# #.....'......#
###.#.##########o.....#
....#.#..#######....(.#
.....(...%.............S.
.<).#.#).#######.####.###
#...#.#..#######.# ...
#...#.#..........# #
....#.#.##########


You could see an orc wizard (confused), 4tharraofdagon's ghost and an adder
(wandering).

Vanquished Creatures
  A hound (D:4)
  Ijyb (D:2)
  Jessica (D:2)
  11 adders
  4 worms
  A giant gecko (D:4)
  3 orcs (D:4)
  A ball python (D:2)
  9 bats
  8 hobgoblins
  9 kobolds
  2 quokkas
  5 giant cockroaches
  3 giant newts
  8 goblins
  5 jackals (D:2)
  12 rats
84 creatures vanquished.

Notes
Turn   | Place    | Note
--------------------------------------------------------------
     0 | D:1      | Malachi, the Mummy Wizard, began the quest for the Orb.
     0 | D:1      | Reached XP level 1. HP: 11/11 MP: 5/5
   280 | D:1      | Reached skill level 1 in Conjurations
   509 | D:1      | Reached XP level 2. HP: 17/17 MP: 0/7
  1473 | D:1      | Learned a level 2 spell: Blink
  1476 | D:1      | Learned a level 2 spell: Call Imp
  1479 | D:1      | Learned a level 2 spell: Repel Missiles
  1562 | D:2      | Found a bloodstained altar of Trog.
  1568 | D:2      | Reached XP level 3. HP: 16/22 MP: 0/9
  1665 | D:2      | Found an iron altar of Okawaru.
  1851 | D:2      | Noticed Jessica
  1865 | D:2      | Killed Jessica
  1911 | D:2      | Reached XP level 4. HP: 25/28 MP: 1/11
  2198 | D:2      | Noticed Ijyb
  2215 | D:2      | Killed Ijyb
  2390 | D:2      | Found a white marble altar of Elyvilon.
  2563 | D:2      | Found a burning altar of Makhleb.
  2821 | D:2      | Reached XP level 5. HP: 10/33 MP: 9/12
  3192 | D:2      | Reached skill level 4 in Conjurations
  4268 | D:3      | Learned a level 3 spell: Mephitic Cloud
  4473 | D:3      | Noticed an ice beast
  5580 | D:4      | Noticed 4tharraofdagon's ghost (weakling GrBe)
  5588 | D:4      | Reached XP level 6. HP: 16/39 MP: 10/14
  5592 | D:4      | Mangled by 4tharraofdagon's ghost

Action                   |  1- 3 |  4- 6 || total
-------------------------+-------+-------++-------
Melee: Unarmed           |     2 |       ||     2
       Dagger            |    20 |    94 ||   114
 Cast: Magic Dart        |    78 |   109 ||   187
       Mephitic Cloud    |       |     1 ||     1
  Use: Scroll            |       |    16 ||    16
